 Dungeon Crawl Stone Soup version 0.28-a0-1117-g0bdd5ba030 (webtiles) character file.

Game seed: 14317143697432061974

422 ducksouse the Shield-Bearer (level 6, 0/56 HPs)
             Began as a Minotaur Fighter on Dec 12, 2021.
             Succumbed to a water moccasin's poison
             ... on level 4 of the Dungeon.
             The game lasted 00:10:09 (3530 turns).

ducksouse the Shield-Bearer (Minotaur Fighter)      Turns: 3530, Time: 00:10:09

Health: 0/56       AC: 12    Str: 22    XL:     6   Next: 63%
Magic:  5/5        EV:  6    Int:  5    God:
Gold:   171        SH:  5    Dex: 10    Spells: 5/5 levels left

rFire   . . .      SeeInvis .   s - +1 hand axe (flame)
rCold   . . .      Faith    .   c - +0 buckler
rNeg    . . .      Spirit   .   p - +0 plate armour
rPois   .          Reflect  .   (helmet restricted)
rElec   .          Harm     .   (no cloak)
rCorr   .          Rampage  .   (no gloves)
Will    .....                   (no boots)
Stlth   ..........              (no amulet)
HPRegen 0.18/turn               (no ring)
MPRegen 0.09/turn               (no ring)

@: mighty, lethally poisoned (0 -> -3), hasted, very quick
A: horns 2, retaliatory headbutt
a: no special abilities


You were on level 4 of the Dungeon.
You visited 1 branch of the dungeon, and saw 6 of its levels.

You collected 171 gold pieces.

Inventory:

Hand Weapons
 a - a +0 long sword
 i - a +0 short sword of protection
 s - a +1 hand axe of flaming (weapon)
Missiles
 r - 3 javelins (quivered)
Armour
 b - a +0 scale mail
 c - a +0 buckler (worn)
 g - a +0 chain mail
 p - a +0 plate armour (worn)
Magical Staves
 j - a staff of death
 q - a staff of conjuration
Scrolls
 e - a scroll of blinking {unknown}
 h - a scroll of magic mapping
 k - a scroll of noise
 m - a scroll of teleportation
 o - a scroll of amnesia
Potions
 f - a potion of magic
 n - 3 potions of brilliance


   Skills:
 + Level 5.5 Fighting
 + Level 4.7 Long Blades
 + Level 5.5 Armour
 + Level 5.5 Shields


You had 5 spell levels left.
You didn't know any spells.
Your spell library contained the following spells:

 Spells                   Type           Power      Damage    Failure   Level
 Static Discharge         Conj/Air       0%         N/A       100%        2
 Dispel Undead            Necr           0%         3d6       100%        4
 Sticky Flame             Conj/Fire      0%         2d3       100%        4


Dungeon Overview and Level Annotations

Branches:
Dungeon (6/15)
 Temple: D:4-7

Altars:


Innate Abilities, Weirdness & Mutations

You have a pair of horns on your head.
You reflexively headbutt those who attack you in melee.


Message History

The water moccasin is moderately wounded.
You feel very sick.
The water moccasin bites you but does no damage. x2
You barely miss the water moccasin.
Your headbutt misses the water moccasin.
The water moccasin is moderately wounded.
You feel sick. The water moccasin bites you. x2
You are more poisoned.
The water moccasin poisons you!
You feel very mighty all of a sudden.
You feel very sick. You block the water moccasin's attack.
You miss the water moccasin.
The water moccasin is moderately wounded.
* * * LOW HITPOINT WARNING * * *
You feel very sick.
The water moccasin bites you but does no damage. x2
You slash the water moccasin! You burn the water moccasin.
The water moccasin is heavily wounded.
* * * LOW HITPOINT WARNING * * *
You feel very sick. The water moccasin bites you.
* * * LOW HITPOINT WARNING * * *
The water moccasin barely misses you. You furiously retaliate!
You headbutt the water moccasin!
You kill the water moccasin!
It was a potion of haste.
You feel yourself speed up.
* * * LOW HITPOINT WARNING * * *
You feel sick.
Unknown command.
* * * LOW HITPOINT WARNING * * *
You feel sick.
* * * LOW HITPOINT WARNING * * *
You feel sick.
You see here a water moccasin corpse.
* * * LOW HITPOINT WARNING * * *
You feel sick.
* * * LOW HITPOINT WARNING * * *
You feel sick.
You die...

#...#......###.....#
......###..##..##..#####
..##...##...#.## .......
. #..........# .....
#..###.....####.... ..
#.##.....#.### # ...
#...†...##..# #...
###)........# .
#..@......# #...!......
#.........# #.#########
.<# ..## ... ....


There were no monsters in sight!

Vanquished Creatures
  A water moccasin (D:4)
  An ogre (D:5)
  A scorpion (D:5)
  A bullfrog zombie (D:5)
  An iguana (D:5)
  A hound zombie (D:5)
  A howler monkey skeleton (D:6)
  3 adders
  A shadow imp (D:5)
  A worm (D:2)
  A dart slug (D:1)
  3 orcs
  2 ball pythons
  A bat (D:1)
  An endoplasm (D:1)
  3 giant cockroaches
  3 goblins (D:2)
  4 hobgoblins
  7 jackals
  5 kobolds
  5 quokkas
  2 frilled lizards
  4 rats
53 creatures vanquished.

Vanquished Creatures (others)
  14 plants
  A withered plant (D:1)
15 creatures vanquished.

Grand Total: 68 creatures vanquished

Notes
Turn   | Place    | Note
-------+----------+-------------------------------------------
     0 | D:1      | ducksouse the Minotaur Fighter began the quest for the Orb.
     0 | D:1      | Reached XP level 1. HP: 19/19 MP: 0/0
   142 | D:1      | Reached XP level 2. HP: 25/27 MP: 1/1
   565 | D:1      | Found a faded altar of an unknown god.
  1148 | D:2      | Reached XP level 3. HP: 31/33 MP: 2/2
  2244 | D:2      | Reached XP level 4. HP: 40/40 MP: 3/3
  2463 | D:3      | You fall into a shaft and drop 3 floors!
  2466 | D:6      | Noticed a scorpion
  2475 | D:5      | Entered Level 5 of the Dungeon
  2478 | D:5      | Killed a scorpion
  2732 | D:6      | Reached XP level 5. HP: 47/47 MP: 4/4
  2795 | D:5      | Noticed an ogre
  2800 | D:5      | Killed an ogre
  2801 | D:5      | Reached skill level 5 in Fighting
  2801 | D:5      | Reached skill level 5 in Armour
  2801 | D:5      | Reached skill level 5 in Shields
  2996 | D:5      | Reached XP level 6. HP: 56/56 MP: 5/5
  3510 | D:4      | Noticed a water moccasin
  3524 | D:4      | Killed a water moccasin
  3528 | D:4      | HP: 2/56 [poisoned by a water moccasin]
  3530 | D:4      | Succumbed to a water moccasin's poison

Illustrated notes

Levels and vault maps discovered:
D:1:      matt_arrival_spirals, layout_loops_ring, serial_forest,
          infiniplex_forest_straight_3, infiniplex_forest_lined_2,
          infiniplex_forest_join, infiniplex_forest_side_room,
          infiniplex_forest_clump_curved, infiniplex_forest_side_room,
          infiniplex_forest_clump_tiny, shapermc_ecumenical_altar_flowoftime
D:2:      layout_basic, serial_bayou, serial_bayou_shore_b, serial_bayou_pond_c,
          serial_bayou_lake_a, serial_bayou_pond_c, minmay_liquid_box
D:3:      layout_basic, nicolae_gozag_seed_capital, serial_shops,
          shop_fountains, ebering_ghost_sewer_d, uniq_crazy_yiuf_cottage,
          uniq_sigmund, uniq_jessica
D:4:      layout_rooms, minmay_temple_entry_enclosed_plants
D:5:      layout_rooms
D:6:      lemuel_ice_spiral_2, layout_basic, nicolae_ossuary_entry_plus,
          ebering_ghost_xom, serial_shops, nicolae_shop_overgrown_old_shop

Skill      XL: |  1  2  3  4  5 |
---------------+----------------+-----
Fighting       | 4 5 |  5.5
Armour         | 4 5 |  5.5
Shields        | 4 5 |  5.5
Long Blades    | 3 4 |  4.7

Action                   |  1- 3 |  4- 6 || total
-------------------------+-------+-------++-------
Melee: Long sword        |   120 |    28 ||   148
       Headbutt          |    29 |    10 ||    39
       Hand axe          |       |    24 ||    24
  Use: Scroll            |       |     7 ||     7
       Potion            |       |     2 ||     2
Armor: Scale mail        |     8 |       ||     8
       Chain mail        |    43 |    17 ||    60
       Plate armour      |       |    13 ||    13
Dodge: Dodged            |    51 |    21 ||    72
Block: Buckler           |    14 |    14 ||    28

Table legend: (Time is in decaauts)
 A = Elapsed time spent in this place.
 B = Non-inter-level travel time spent in this place.
 C = Inter-level travel time spent in this place.
 D = Time resting spent in this place.
 E = Time spent auto-exploring this place.
 F = Levels seen in this place.
 G = Mean time per level.
                   A        B        C        D        E       F      G
               +--------+--------+--------+--------+--------+-----+--------+
         Total |   3589 |   3589 |      0 |    325 |   1653 |   6 |  598.2 |
       Dungeon |   3589 |   3589 |      0 |    325 |   1653 |   6 |  598.2 |
               +--------+--------+--------+--------+--------+-----+--------+

Top non-repeatable levels by time:
     D:2: 1311 daAuts
     D:1: 1149 daAuts
     D:5: 909 daAuts
     D:4: 88 daAuts
     D:6: 81 daAuts
     D:3: 49 daAuts
